 Dungeon Crawl Stone Soup version 0.30-a0-1082-g70414cbcbb (webtiles) character file.

Game seed: 14620282673199359660

207 kae the Chopper (level 5, -4/45 HPs)
             Began as a Hill Orc Fighter on Apr 15, 2023.
             Slain by Menkaure (18 damage)
             ... on level 4 of the Dungeon.
             The game lasted 00:01:46 (4133 turns).

kae the Chopper (Hill Orc Fighter)                  Turns: 4133, Time: 00:01:47

Health: -4/45      AC:  6    Str: 21    XL:     5   Next: 85%
Magic:  5/5        EV:  9    Int:  8    God:
Gold:   194        SH:  4    Dex: 10    Spells: 4/4 levels left

rFire   . . .      SeeInvis .    a - +0 war axe
rCold   . . .      Faith    .    c - +0 buckler
rNeg    . . .      Spirit   .    b - +0 scale mail
rPois   .          Reflect  .    (no helmet)
rElec   .          Rampage  .    (no cloak)
rCorr   .                        (no gloves)
Will    .....                    (no boots) Stlth
                                 (no amulet)
HPRegen 0.27/turn                (no ring)
MPRegen 0.09/turn                (no ring)

@: no status effects
A: no striking features
a: no special abilities


You were on level 4 of the Dungeon.
You visited 1 branch of the dungeon, and saw 4 of its levels.

You collected 194 gold pieces.


   Skills:
 - Level 3.6 Fighting
 + Level 7.8 Axes
 - Level 3.2 Armour
 - Level 3.2 Shields


You had 4 spell levels left.
You didn't know any spells.
Your spell library contained the following spells:

 Spells                   Type           Power      Damage    Failure   Level
 Magic Dart               Conj           0%         1d3       83%         1
 Call Imp                 Summ           0%         N/A       93%         2
 Sublimation of Blood     Necr           0%         N/A       93%         2
 Frozen Ramparts          Ice            0%         1d1       99%         3
 Mephitic Cloud           Conj/Pois/Air  0%         N/A       99%         3
 Ice Form                 Ice/Tmut       0%         N/A       100%        4
 Petrify                  Tmut/Erth      0%         N/A       100%        4
 Summon Ice Beast         Ice/Summ       0%         N/A       100%        4
 Irradiate                Conj/Tmut      0%         3d11      100%        5

Inventory:

Hand Weapons
 a - a +0 war axe (weapon)
Missiles
 e - 29 stones (quivered)
 j - 2 atropa-tipped darts
 r - 2 poisoned darts
Armour
 b - a +0 scale mail (worn)
 c - a +0 buckler (worn)
Wands
 p - a wand of acid (5)
   (You found it on level 2 of the Dungeon)
Scrolls
 f - a scroll of magic mapping {!r}
 g - a scroll of teleportation {unknown}
 h - a scroll of vulnerability {unknown}
 i - a scroll of immolation {unknown}
 l - 2 scrolls of fog
 m - a scroll of blinking {!r}
 q - a scroll of amnesia {unknown}
Potions
 d - a potion of might
 k - a potion of curing {@q1}
 n - a potion of ambrosia
 o - 2 potions of heal wounds {@q2}
 s - a potion of haste {@q3}
 t - a potion of resistance

Dungeon Overview and Level Annotations

Branches:
Dungeon (4/15) Zot: 19767
 Temple: D:4-7

Altars:
Cheibriados
Wu Jian

Annotations:
D:4 Eustachio, Menkaure

######## ##.<....#
#..†....# #.......#
#.........
##########.........
#.@................
#M########.........
#. ########## #. #.
#. #. #.


You could see Menkaure.


Message History

The iron imp hits you.
Eustachio hits you with a +0 rapier of venom.
You are poisoned. 😮 HP[-5]
You take 5 damage, and now have 24/45 hp.
You hit Eustachio but do no damage. You miss the bat. You hit the iron imp.
You feel very sick. You block the bat's attack.
The bat hits you but does no damage. You block Eustachio's attack.
The iron imp hits you!
* * * LOW HITPOINT WARNING * * *
😨 HP[-12]
You take 12 damage, and now have 12/45 hp.
MASSIVE DAMAGE!! (PAUSE)
You feel sick. You block the bat's attack. 😱 HP[-2]
You take 2 damage, and now have 10/45 hp.
You feel sick. 😱 HP[-1]
You take 1 damage, and now have 9/45 hp.
You feel sick. The bat hits you but does no damage.
Eustachio gestures wildly while chanting. 😱 HP[-2]
You take 2 damage, and now have 7/45 hp.
You feel sick.
The bat hits you but does no damage. 😱 HP[-1]
You take 1 damage, and now have 6/45 hp.
You feel sick.
There is an escape hatch in the ceiling here. 😱 HP[-1]
You take 1 damage, and now have 5/45 hp.
You feel sick. The bat hits you but does no damage.
Eustachio casts a spell.
Eustachio blinks!
A mysterious force pulls you upwards. The hatch slams shut behind you.
You start resting.
You feel sick. x2
You are no longer poisoned. 😱 HP[-2]
You take 2 damage, and now have 3/45 hp.
You start resting. 😕 HP[+35]
You regained 35 hp, and now have 38/45 hp.
Done exploring.
You start resting. 😎 HP[+7]
Your hp is fully restored (45).
(D) Dungeon
Where to? (Enter - D:4, ? - help)
There is a stone staircase leading down here.
You climb downwards.
Level annotation: Eustachio The hound barks!
There is a stone staircase leading up here.
A hound is nearby!
The hound bites you. 😕 HP[-2]
You take 2 damage, and now have 43/45 hp.
You barely miss the hound. The hound barely misses you. x2
You miss the hound. The hound barely misses you. 😕 HP[+1]
You closely miss the hound. The hound closely misses you.
The hound barely misses you.
You slash the hound! The hound barely misses you.
The hound completely misses you. 😎 HP[+1]
Your hp is fully restored (45).
A hound is nearby!
You closely miss the hound. The hound bites you. The hound barely misses you.
You closely miss the hound.
The hound pauses to sniff the ground.
You block the hound's attack. x2 😕 HP[-1]
You take 1 damage, and now have 44/45 hp.
You slash the hound!
You kill the hound!
No target in view! 😎 HP[+1]
Your hp is fully restored (45).
No target in view!
No target in view!
o - 2 potions of heal wounds {@q2} (gained 1)
k - a potion of curing {@q1} Menkaure, Prince of Dust comes into view.
Menkaure shouts!
Menkaure is nearby!
Menkaure is nearby!
You slash Menkaure! Menkaure casts a spell at you.
You barely resist. You hit Menkaure. Menkaure hits you! 😮 HP[-12]
You take 12 damage, and now have 33/45 hp.
MASSIVE DAMAGE!! (PAUSE)
You hit Menkaure but do no damage. Menkaure hits you!!
* * * LOW HITPOINT WARNING * * *
You are too injured to fight recklessly! 😨 HP[-19]
You take 19 damage, and now have 14/45 hp.
MASSIVE DAMAGE!! (PAUSE)
You hit Menkaure. Menkaure hits you!!
You die...

Skill      XL: |  1  2  3  4  5 |
---------------+----------------+-----
Axes           | 3 4 5 6 7 |  7.8
Fighting       | |  3.6
Armour         | |  3.2
Shields        | |  3.2

Action                     |  1- 3 |  4- 6 || total
---------------------------+-------+-------++-------
  Melee: War axe           |   100 |    71 ||   171
  Evoke: Wand              |       |     1 ||     1
    Use: Scroll            |     3 |     4 ||     7
 Armour: Scale mail        |    50 |    33 ||    83
  Dodge: Dodged            |    47 |    31 ||    78
  Block: Buckler           |    18 |    19 ||    37

Levels and vault maps discovered:
D:1:      spicycebolla_green_bress_n_ham_2, layout_basic, serial_bayou_lake_a
D:2:      layout_basic
D:3:      layout_basic, mainiacjoe_overflow_brackets, old_standard_altar,
          serial_rivers, chequers_serial_rivers_micro_b,
          chequers_serial_rivers_room_b, chequers_serial_rivers_micro_d,
          chequers_serial_rivers_micro_c, chequers_serial_rivers_small_a,
          chequers_serial_rivers_small_b, kennysheep_jessica_study, uniq_natasha
D:4:      minmay_opposing_rooms, layout_gridville, uniq_eustachio, uniq_menkaure

Notes
Turn   | Place    | Note
-------+----------+-------------------------------------------
     0 | D:1      | kae the Hill Orc Fighter began the quest for the Orb.
     0 | D:1      | Reached XP level 1. HP: 19/19 MP: 1/1
     0 | D:1      | magus.rc [v1.11.3]
   135 | D:1      | Reached skill level 3 in Axes
   243 | D:1      | Reached XP level 2. HP: 26/26 MP: 2/2
   309 | D:1      | Reached skill level 4 in Axes
   401 | D:1      | You pick up a book of Alchemy and begin reading...
   401 | D:1      | You add the spells Sublimation of Blood, Petrify and
                  | Irradiate to your library.
  1034 | D:2      | Reached XP level 3. HP: 31/31 MP: 3/3
  1103 | D:2      | You pick up a book of Minor Magic and begin reading...
  1103 | D:2      | You add the spells Magic Dart, Call Imp and Mephitic Cloud
                  | to your library.
  1959 | D:3      | Reached skill level 5 in Axes
  2134 | D:3      | Found an ornate altar of the Wu Jian Council.
  2198 | D:3      | Found a snail-covered altar of Cheibriados.
  2238 | D:3      | Noticed Natasha
  2248 | D:3      | Killed Natasha
  2249 | D:3      | Reached XP level 4. HP: 26/39 MP: 4/4
  2282 | D:3      | Reached skill level 6 in Axes
  2683 | D:3      | Noticed Jessica
  2691 | D:3      | Killed Jessica
  2692 | D:3      | Reached XP level 5. HP: 26/45 MP: 5/5
  2992 | D:3      | Found a snail-covered altar of Cheibriados.
  3065 | D:3      | Found an ornate altar of the Wu Jian Council.
  3091 | D:3      | Noticed Natasha
  3096 | D:3      | Killed Natasha
  3097 | D:3      | Reached skill level 7 in Axes
  3303 | D:3      | Noticed Natasha
  3314 | D:3      | Killed Natasha
  3866 | D:4      | You pick up a book of Rime and begin reading...
  3866 | D:4      | You add the spells Frozen Ramparts, Ice Form and Summon Ice
                  | Beast to your library.
  3891 | D:4      | Noticed Eustachio
  3916 | D:4      | HP: 10/45 [poisoned by Eustachio]
  3921 | D:4      | HP: 5/45 [poisoned by Eustachio]
  4128 | D:4      | Noticed Menkaure
  4133 | D:4      | Slain by Menkaure

Vanquished Creatures
  A hound (D:4)
  Jessica (D:3)
  Natasha (thrice) (D:3)
  2 adders (D:3)
  A dart slug (D:1)
  3 orcs (D:3)
  4 ball pythons
  6 bats
  5 endoplasms
  4 giant cockroaches
  4 goblins
  4 jackals (D:1)
  4 kobolds
  3 quokkas
  2 frilled lizards
  8 rats
55 creatures vanquished.

Vanquished Creatures (others)
  A plant (D:1)
1 creature vanquished.

Grand Total: 56 creatures vanquished

Table legend:
 A = Non-vault XP
 B = Vault XP
 C = Vault XP percentage of total XP
 D = Non-vault monster count
 E = Vault monster count
 F = Vault count percentage of total count
                 A         B        C        D         E       F
            +---------+---------+-------+---------+---------+-------
      Total |     223 |      74 |  24.9 |      52 |       3 |   5.5
            +---------+---------+-------+---------+---------+-------
        D:1 |      33 |       0 |   0.0 |      18 |       0 |   0.0
        D:2 |      17 |       0 |   0.0 |      13 |       0 |   0.0
        D:3 |     124 |      74 |  37.4 |      16 |       3 |  15.8
        D:4 |      49 |       0 |   0.0 |       5 |       0 |   0.0
            +---------+---------+-------+---------+---------+-------

Illustrated notes

Table legend:
 A = Kills in this place as a percentage of kills in the entire game.
 B = Kills by you in this place as a percentage of kills by you in the entire game.
 C = Kills by friends in this place as a percentage of kills by friends in the entire game.
 D = Other kills in this place as a percentage of other kills in the entire game.
 E = Experience gained in this place as a percentage of experience gained in the entire game.
 F = Experience gained in this place divided by the number of levels of this place that you have seen.
                   A       B       C       D       E      F
               +-------+-------+-------+-------+-------+----------------------
         Total | 100.0 | 100.0 |   N/A |   N/A | 100.0 |  74.2
       Dungeon | 100.0 | 100.0 |   N/A |   N/A | 100.0 |  74.2
               +-------+-------+-------+-------+-------+----------------------

Table legend: (Time is in decaauts)
 A = Elapsed time spent in this place.
 B = Non-inter-level travel time spent in this place.
 C = Inter-level travel time spent in this place.
 D = Time resting spent in this place.
 E = Time spent auto-exploring this place.
 F = Levels seen in this place.
 G = Mean time per level.
                   A        B        C        D        E       F      G
               +--------+--------+--------+--------+--------+-----+--------+
         Total |   4230 |   4093 |    137 |    155 |   3498 |   4 | 1057.5 |
       Dungeon |   4230 |   4093 |    137 |    155 |   3498 |   4 | 1057.5 |
               +--------+--------+--------+--------+--------+-----+--------+

Top non-repeatable levels by time:
     D:3: 2158 daAuts
     D:1: 1079 daAuts
     D:2: 842 daAuts
     D:4: 151 daAuts
